 Dungeon Crawl Stone Soup version 0.27-a0-1200-g94dc6ad4cf (webtiles) character file.

Game seed: 2137887103991896592

586 spiderkeys the Poker (level 7, 0/55 HPs)
             Began as a Merfolk Abyssal Knight on June 1, 2021.
             Was a Believer of Lugonu.
             Slain by Grinder (3 damage)
             ... on level 5 of the Dungeon.
             The game lasted 00:10:50 (5979 turns).

spiderkeys the Poker (Merfolk Abyssal Knight)       Turns: 5979, Time: 00:10:50

Health: 0/55       AC:  4    Str: 14    XL:     7   Next: 37%
Magic:  9/9        EV: 13    Int: 12    God:    Lugonu [**....]
Gold:   194        SH:  4    Dex: 13    Spells: 6/6 levels left

rFire    + . .     SeeInvis +   a - +1 spear
rCold    + + .     Faith    .   h - +0 buckler
rNeg     . . .     Spirit   .   m - +1 leather armour {rC+}
rPois    .         Reflect  .   (no helmet)
rElec    .         Harm     .   i - scarf {rC+ rF+}
rCorr    .         Rampage  .   (no gloves)
Will     .....                  (no boots)
Stlth    +.........             (no amulet)
HPRegen  0.18/turn              v - ring of see invisible
MPRegen  0.11/turn              (no ring)

@: no status effects
A: (nimble swimmer 2), mertail
a: Renounce Religion, Depart the Abyss, Bend Space


You were on level 5 of the Dungeon.
You worshipped Lugonu.
Lugonu was pleased with you.
You visited 1 branch of the dungeon, and saw 5 of its levels.
You visited the Abyss 1 time.

You collected 194 gold pieces.


Innate Abilities, Weirdness & Mutations

((You are quick and stealthy near water. (Stealth+, EV+, Speed+++)))
Your lower body shifts to a powerful aquatic tail in water.


   Skills:
 + Level 4.9 Fighting
 + Level 5.2 Polearms
 - Level 0.6 Armour
 + Level 4.8 Dodging
 + Level 2.7 Shields
 + Level 3.9 Invocations
 + Level 2.7 Evocations


You had 6 spell levels left.
You didn't know any spells.
Your spell library was empty.

Inventory:

Hand Weapons
 a - a +1 spear (weapon)
Missiles
 e - 137 stones
 f - 3 boomerangs
 l - 20 sling bullets
 n - 4 silver boomerangs
 q - 18 arrows
Armour
 b - a +0 leather armour
 h - a +0 buckler (worn)
   (You found it on level 1 of the Dungeon)
 i - a scarf of resistance (worn)
   (You found it on level 5 of the Dungeon)
 m - a +1 leather armour of cold resistance (worn)
   (You took it off an orc priest on level 3 of the Dungeon)
Jewellery
 v - a ring of see invisible (left hand)
   (You found it on level 1 of the Dungeon)
Scrolls
 j - a scroll of amnesia
 r - a scroll of noise {!r}
Potions
 c - a potion of degeneration {!q}
 g - 2 potions of flight
 k - a potion of attraction {!q}
 o - a potion of heal wounds {unknown}
Miscellaneous
 d - a lightning rod (inert)
   (You found it on level 2 of the Abyss)

Dungeon Overview and Level Annotations

Branches:
Dungeon (5/15)
 Temple: D:4-7

Altars:
Dithmenos
Okawaru

Annotations:
D:4 Eustachio
D:5 Grinder

.# )# .# 8.....
.######..... ..##.#
8...8 .....# ##_## .
#.#### ##### ... #.#
####...########.....
#.###......#....@5w.....
#.....####.#.######.....
##...........# ...
.######..##### .
........## .#####..# ##
#...# #.### #.


You could see Grinder and a dart slug.


Message History

Things that are here:
a +0 giant club; an ogre corpse You start resting. 😨 HP[+4] MP[+3]
You regained 4 hp, and now have 19/55 hp.
Your mp is fully restored (9).
o - a white potion 😨 HP[+1]
You start resting.
You hear the hiss of an avalanche of sand nearby.
You hear the hiss of an avalanche of sand nearby.
You hear the brisk hiss of an avalanche of sand nearby.
You hear the brisk hiss of an avalanche of sand nearby. 😎 HP[+35]
Your hp is fully restored (55).
Grinder comes into view.
She is carrying a wand of flame (25).
Grinder shouts!
A dart slug comes into view.
Grinder zaps a wand.
The puff of flame misses you.
Aiming: Thunderbolt
Press: ? - help, Shift-Dir - straight line, f - Grinder
Aim: Grinder, carrying a wand of flame (24)
The thunderbolt hits Grinder!
The thunderbolt hits the dart slug!
The lightning rod overheats!
Grinder gestures at you.
Pain shoots through your body! 😮 HP[-14]
You take 14 damage, and now have 41/55 hp.
MASSIVE DAMAGE!! (PAUSE) Grinder gestures at you.
Pain shoots through your body! 😮 HP[-4]
You take 4 damage, and now have 37/55 hp.
Grinder zaps a wand.
The puff of flame misses you. 😮 HP[+1]
You barely miss Grinder. Grinder hits you!
You writhe in agony.
* * * LOW HITPOINT WARNING * * *
😨 HP[-11]
You take 11 damage, and now have 27/55 hp.
You barely miss Grinder.
Grinder zaps a wand.
The puff of flame hits you. You resist.
* * * LOW HITPOINT WARNING * * *
😨 HP[-3]
You take 3 damage, and now have 24/55 hp.
You hit Grinder. Grinder hits you.
* * * LOW HITPOINT WARNING * * *
You writhe in agony.
* * * LOW HITPOINT WARNING * * *
😨 HP[-3]
You take 3 damage, and now have 21/55 hp.
You barely miss Grinder.
Unknown command.
You hit Grinder but do no damage. Grinder completely misses you.
Unknown command.
You hit Grinder but do no damage.
You hear the brisk hiss of a very distant avalanche of sand.
Grinder zaps a wand.
The puff of flame hits you. You resist.
* * * LOW HITPOINT WARNING * * *
😨 HP[-2]
You take 2 damage, and now have 19/55 hp.
You hit Grinder but do no damage. Grinder hits you!
* * * LOW HITPOINT WARNING * * *
😱 HP[-7]
You take 7 damage, and now have 12/55 hp.
Unknown command.
You hit Grinder.
Grinder zaps a wand.
The puff of flame hits you. You resist.
* * * LOW HITPOINT WARNING * * *
You hit Grinder.
Grinder says, "Don't move a muscle."
Grinder gestures at you.
You struggle to resist. 😱 HP[-3]
You take 3 damage, and now have 9/55 hp.
Unknown command.
You hit Grinder.
Grinder zaps a wand.
The puff of flame hits you. You resist.
* * * LOW HITPOINT WARNING * * *
😱 HP[-4]
You take 4 damage, and now have 5/55 hp.
You hit Grinder but do no damage.
Grinder says, "Wait up."
Grinder gestures at you. Pain shoots through your body!
* * * LOW HITPOINT WARNING * * *
😱 HP[-3]
You take 3 damage, and now have 2/55 hp.
Unknown command.
You closely miss Grinder.
Unknown command.
You barely miss Grinder.
Grinder says, "Just stop there for a second..."
Grinder hits you.
You die...

Skill      XL: |  1  2  3  4  5  6 |
---------------+-------------------+-----
Dodging        | 3 4 |  4.8
Evocations     | 1 2 |  2.7
Fighting       | 4 |  4.9
Polearms       | 4 5 |  5.2
Shields        | 1 2 |  2.7
Invocations    | 3 |  3.9
Armour         | |  0.6

Action                   |  1- 3 |  4- 6 |  7- 9 || total
-------------------------+-------+-------+-------++-------
Melee: Spear             |   115 |   220 |    29 ||   364
Throw: Dart              |       |     2 |       ||     2
       Boomerang         |       |     2 |       ||     2
Invok: Depart the Abyss  |     1 |       |       ||     1
       Bend Space        |       |     2 |     3 ||     5
Evoke: Lightning rod     |     3 |     6 |     2 ||    11
       Wand              |       |     9 |     1 ||    10
  Use: Scroll            |     4 |     4 |       ||     8
       Potion            |       |     1 |       ||     1
 Stab: Paralysed         |       |    24 |       ||    24
       Sleeping          |       |     3 |       ||     3
Armor: Leather armour    |    15 |    16 |       ||    31
Dodge: Dodged            |    30 |    66 |    22 ||   118
Block: Buckler           |     9 |    24 |     3 ||    36

Levels and vault maps discovered:
D:1:      dpeg_arrival_caged_fury, layout_basic,
          shapermc_ecumenical_altar_mp_highgroup, minmay_misc_feat_enclosed,
          chequers_jeans, kennysheep_decorative_pillar,
          chequers_hall_statues_corner_a, dk_noncrumbling_4
D:2:      layout_loops_cross, uniq_jessica, uniq_sigmund
D:3:      layout_loops_ring, bh_walls_and_bars
D:4:      layout_basic, amethyst_overflow_temple_binary, uniq_ijyb,
          uniq_eustachio
D:5:      minmay_general_purpose_star, layout_rooms, kennysheep_little_box,
          nicolae_overflow_hidden_temple, grunt_dithmenos_smoke_and_mirrors,
          nicolae_ossuary_entry_ruins, chequers_serial_rivers_marsh,
          minmay_misc_feat_secret_circle, item_on_display_a, uniq_grinder

Notes
Turn   | Place    | Note
-------+----------+-------------------------------------------
     0 | Abyss:1  | spiderkeys the Merfolk Abyssal Knight began the quest for
                  | the Orb.
     0 | Abyss:1  | Reached XP level 1. HP: 18/18 MP: 2/2
     0 | Abyss:1  | magus.rc [v1.9.10]
    22 | Abyss:1  | Found a corrupted altar of Lugonu.
    48 | Abyss:2  | Found a corrupted altar of Lugonu.
    83 | D:1      | You pass through the gate.
    83 | D:1      | Escaped the Abyss
   235 | D:1      | Found a runed translucent door.
   352 | D:1      | Reached * piety under Lugonu
   512 | D:1      | Reached XP level 2. HP: 24/24 MP: 3/3
   589 | D:1      | Reached skill level 3 in Dodging
   631 | D:1      | Found a faded altar of an unknown god.
  1249 | D:1      | Reached XP level 3. HP: 29/29 MP: 4/4
  1595 | D:1      | Reached skill level 1 in Evocations
  1999 | D:2      | Reached XP level 4. HP: 37/37 MP: 5/5
  2088 | D:2      | Noticed Sigmund
  2100 | D:2      | Killed Sigmund
  2101 | D:2      | Reached skill level 4 in Fighting
  2101 | D:2      | Reached skill level 4 in Polearms
  2101 | D:2      | Reached skill level 4 in Dodging
  2101 | D:2      | Reached skill level 1 in Shields
  2101 | D:2      | Reached skill level 3 in Invocations
  2101 | D:2      | Reached XP level 5. HP: 14/42 MP: 5/7
  2102 | D:2      | Reached XP level 6. HP: 15/48 MP: 5/8
  2411 | D:2      | Noticed Jessica
  2419 | D:2      | Killed Jessica
  2420 | D:2      | Reached skill level 2 in Evocations
  2741 | D:2      | Reached ** piety under Lugonu
  3274 | D:3      | Reached skill level 2 in Shields
  4122 | D:4      | Noticed Ijyb
  4141 | D:4      | HP: 12/49 [Ijyb/+5 dagger of freezing (6)]
  4410 | D:4      | Killed Ijyb
  4461 | D:4      | HP: 12/49 [poisoned by a scorpion]
  4466 | D:4      | HP: 8/49 [poisoned by a scorpion]
  4930 | D:4      | HP: 8/49 [orc/+0 mace (5)]
  5403 | D:4      | Noticed Eustachio
  5613 | D:5      | Entered Level 5 of the Dungeon
  5613 | D:5      | Found a shadowy altar of Dithmenos.
  5613 | D:5      | Noticed a black bear
  5623 | D:5      | Killed a black bear
  5624 | D:5      | Reached skill level 5 in Polearms
  5624 | D:5      | Reached XP level 7. HP: 44/55 MP: 9/9
  5681 | D:5      | Found an iron altar of Okawaru.
  5961 | D:5      | Noticed Grinder
  5973 | D:5      | HP: 12/55 [Grinder (7)]
  5976 | D:5      | HP: 5/55 [Grinder/puff of flame (4)]
  5977 | D:5      | HP: 2/55 [Grinder/nerve-wracking pain (3)]
  5979 | D:5      | Slain by Grinder

Vanquished Creatures
  Sigmund (D:2)
  A black bear (D:5)
  An ogre (D:5)
  An orc priest (D:3)
  Jessica (D:2)
  Ijyb (D:4)
  4 gnolls (D:3)
  3 adders
  An ufetubus (D:5)
  5 worms
  A dart slug (D:1)
  9 orcs
  5 bats
  12 endoplasms
  2 giant cockroaches (D:1)
  3 goblins
  7 hobgoblins
  3 jackals (D:1)
  4 quokkas
  9 ball pythons
  2 frilled lizards
  10 kobolds
  4 rats (D:1)
90 creatures vanquished.

Table legend:
 A = Non-vault XP
 B = Vault XP
 C = Vault XP percentage of total XP
 D = Non-vault monster count
 E = Vault monster count
 F = Vault count percentage of total count
                 A         B        C        D         E       F
            +---------+---------+-------+---------+---------+-------
      Total |     509 |     329 |  39.3 |      73 |      17 |  18.9
            +---------+---------+-------+---------+---------+-------
        D:1 |      38 |      34 |  47.2 |      22 |      14 |  38.9
        D:2 |      59 |     260 |  81.5 |      19 |       2 |   9.5
        D:3 |     142 |       0 |   0.0 |      20 |       0 |   0.0
        D:4 |      22 |      35 |  61.4 |       9 |       1 |  10.0
        D:5 |     248 |       0 |   0.0 |       3 |       0 |   0.0
            +---------+---------+-------+---------+---------+-------

Illustrated notes

Table legend:
 A = Kills in this place as a percentage of kills in entire the game.
 B = Kills by you in this place as a percentage of kills by you in the entire game.
 C = Kills by friends in this place as a percentage of kills by friends in the entire game.
 D = Other kills in this place as a percentage of other kills in the entire game.
 E = Experience gained in this place as a percentage of experience gained in the entire game.
 F = Experience gained in this place divided by the number of levels of this place that you have seen.
                   A       B       C       D       E      F
               +-------+-------+-------+-------+-------+----------------------
         Total | 100.0 | 100.0 |   N/A |   N/A | 100.0 | 119.7
       Dungeon | 100.0 | 100.0 |   N/A |   N/A | 100.0 | 167.6
               +-------+-------+-------+-------+-------+----------------------

Table legend: (Time is in decaauts)
 A = Elapsed time spent in this place.
 B = Non-inter-level travel time spent in this place.
 C = Inter-level travel time spent in this place.
 D = Time resting spent in this place.
 E = Time spent auto-exploring this place.
 F = Levels seen in this place.
 G = Mean time per level.
                   A        B        C        D        E       F      G
               +--------+--------+--------+--------+--------+-----+--------+
         Total |   5956 |   5694 |    262 |   1212 |   3496 |   7 |  850.9 |
       Dungeon |   5873 |   5611 |    262 |   1212 |   3495 |   5 | 1174.6 |
         Abyss |     82 |     82 |      0 |      0 |      1 |   2 |   41.0 |
               +--------+--------+--------+--------+--------+-----+--------+

Top non-repeatable levels by time:
     D:3: 1881 daAuts
     D:1: 1798 daAuts
     D:2: 1202 daAuts
     D:4: 631 daAuts
     D:5: 360 daAuts
 Abyss:1: 48 daAuts
 Abyss:2: 34 daAuts
